 Dungeon Crawl Stone Soup version 0.23.2-1-ga50397a6bc (webtiles) character file.

Game seed: 16136505377145972834

23 Circulus the Skirmisher (level 2, 0/29 HPs)
             Began as a Troll Fighter on May 30, 2019.
             Succumbed to an orc wizard's poison
             ... on level 1 of the Dungeon.
             The game lasted 00:06:39 (1052 turns).

Circulus the Skirmisher (Troll Fighter)             Turns: 1052, Time: 00:06:40

Health: 0/29       AC:  6    Str: 23    XL:     2   Next: 75%
Magic:  1/1        EV:  8    Int:  4    God:
Gold:   52         SH:  8    Dex:  9    Spells: 1/1 levels left

rFire    . . .     SeeInvis .   s - +0 hand axe
rCold    . . .     Gourm    +   c - +0 shield
rNeg     . . .     Faith    .   m - +0 robe
rPois    .         Spirit   .   (helmet restricted)
rElec    .         Reflect  .   (no cloak)
rCorr    .         Harm     .   (gloves unavailable)
MR       .....                  (boots unavailable)
Stlth    +.........             (no amulet)
HPRegen  0.49/turn              (no ring)
MPRegen  0.07/turn              (no ring)

@: lethally poisoned (0 -> -16)
A: large, unfitting armour, claws 3, fast metabolism 3, gourmand, regeneration
1, shaggy fur 1, tough skin 3
a: no special abilities


You were on level 1 of the Dungeon.
You were not hungry.

You visited 1 branch of the dungeon, and saw 2 of its levels.

You collected 52 gold pieces.

Inventory:

Hand Weapons
 q - a +0 hunting sling {Circulus}
 s - a +0 hand axe (weapon)
Armour
 c - a +0 shield (worn)
 m - a +0 robe (worn)
Scrolls
 e - a scroll of remove curse {unknown}
 g - a scroll of magic mapping
 h - 2 scrolls of amnesia
 n - a scroll of teleportation {unknown}
 o - a scroll of identify {unknown}
Potions
 d - a potion of might
 i - a potion of curing {unknown}
 j - a potion of flight {unknown}
 k - a potion of lignification {unknown}
 l - a potion of brilliance {unknown}
 p - 2 potions of invisibility {unknown}
 r - a potion of degeneration {unknown}
Comestibles
 f - 5 rations


   Skills:
 + Level 2.9 Fighting
 * Level 0.4(1.4) Axes
   Level 2.3(2.4) Maces & Flails
 - Level 2.4 Dodging
 - Level 2.4 Shields


You had one spell level left.
You didn't know any spells.
Your spell library was empty.

Dungeon Overview and Level Annotations

Branches:
Dungeon (2/15)

Altars:


Innate Abilities, Weirdness & Mutations

You are too large for most types of armour.
You have claws for hands.
Your metabolism is lightning-fast.
You like to eat raw meat.
Your natural rate of healing is unusually fast.
You are covered in fur. (AC +1)
You have extremely tough skin. (AC +3)


Message History

You hear some strange, mumbled words.
You are confused.
* * * LOW HITPOINT WARNING * * *
You feel sick. Something hits you but does no damage.
You are lethally poisoned!
There is a stone staircase leading down here.
* * * LOW HITPOINT WARNING * * *
You feel sick. Something hits you but does no damage.
You are more poisoned.
* * * LOW HITPOINT WARNING * * *
You feel very sick.
* * * LOW HITPOINT WARNING * * *
You feel sick.
You bump into the rock wall.
You feel less confused.
* * * LOW HITPOINT WARNING * * *
You feel very sick. Something hits you.
* * * LOW HITPOINT WARNING * * *
You die...

#####..........#.#..##
##.. ###...###.##.#..##
##..
#####'###.##.#...###...
#......##.##.#.........
#......##....#.........
####.........#############
#.................# #
##.#)>.......####.########
#.#)..{.@..## #.........
#.##.###...# #.........
#.##.# #...#####.........
###### ######..#.####.#..
♣♣♣♣♣♣♣♣♣♣#..#.# #.#..
♣........♣#..#.####.#..
♣..####..♣#..#.#....#..
♣.## ##.♣#..#......... ♣.#
#.♣#..###.#..#..


There were no monsters in sight!

Vanquished Creatures
  A leopard gecko (D:1)
  2 orcs (D:1)
  A giant cockroach (D:1)
  4 goblins (D:1)
  A hobgoblin (D:1)
  4 kobolds (D:1)
  3 bats (D:1)
  A frilled lizard (D:1)
  2 rats (D:1)
19 creatures vanquished.

Notes
Turn   | Place    | Note
-------+----------+-------------------------------------------
     0 | D:1      | Circulus the Troll Fighter began the quest for the Orb.
     0 | D:1      | Reached XP level 1. HP: 22/22 MP: 0/0
   235 | D:1      | Reached XP level 2. HP: 29/29 MP: 1/1
  1051 | D:1      | HP: 1/29 [something (2)]
  1052 | D:1      | Succumbed to an orc wizard's poison

Skill      XL: |  1 |
---------------+----+-----
Maces & Flails | 2 |  2.3
Fighting       | |  2.9
Axes           | |  0.4
Dodging        | |  2.4
Shields        | |  2.4

Action                   || total
-------------------------++-------
Melee: Flail             ||    50
       Hand axe          ||    11
  Use: Scroll            ||     2
  Eat: Chunk             ||     8
Armor: Robe              ||    30
Dodge: Dodged            ||    24
Block: Shield            ||    40
